 Dungeon Crawl Stone Soup version 0.32-a0-656-g3542139ebd (webtiles) character file.

Game seed: 3110271403262193954

1442 croobank the Caller (level 8, -3/59 (67) HPs)
             Began as a Minotaur Summoner on Mar 8, 2024.
             Was a Believer of Qazlal.
             Slain by a wight
             ... wielding a +4 trident
              (12 damage)
             ... on level 6 of the Dungeon on Mar 9, 2024.
             The game lasted 00:17:42 (5496 turns).

croobank the Caller (Minotaur Summoner)             Turns: 5496, Time: 00:17:42

HP:   -3/59 (67)    AC:  4    Str: 12    XL:     8   Next: 46%
MP:   18/22         EV: 14    Int: 14    God:    Qazlal [**....]
Gold: 271           SH:  3    Dex: 14    Spells: 5/15 levels left

rFire   . . .        a - +0 rapier "Impbane" {spect, Will+ MP+9 Dex+2}
rCold   + . .        (no shield)
rNeg    . . .        m - +1 robe of Effog {rC+}
rPois   .            (helmet restricted)
rElec   .            (no cloak)
rCorr   +            (no gloves)
SInv    .            x - +0 pair of boots
Will    +....        (no amulet)
Stlth   ++           y - ring of resist corrosion
HPRegen 0.29/turn    (no ring)
MPRegen 0.18/turn

%: no passive effects
@: about to teleport, heavily drained
A: horns 2, retaliatory headbutt
a: Renounce Religion, Upheaval


You were on level 6 of the Dungeon.
You worshipped Qazlal.
Qazlal was pleased with you.
You visited 1 branch of the dungeon, and saw 7 of its levels.

You collected 271 gold pieces.

Inventory:

Hand Weapons
 a - the +0 rapier "Impbane" (weapon) {spect, Will+ MP+9 Dex+2}
   (You found it on level 4 of the Dungeon)

   Dex+2:     It affects your dexterity (+2).
   Will+:     It increases your willpower.
   MP+9:      It affects your magic capacity (+9).
 b - a +2 dagger of protection
 d - a +0 short sword
 k - a +1 long sword of flaming
 n - a +0 dire flail
 u - a +0 dagger of draining
 z - a +0 morningstar of draining
Armour
 l - +0 swamp dragon scales
 m - the +1 robe of Effog (worn) {rC+}
   (You found it on level 2 of the Dungeon)

   rC+:       It protects you from cold.
 x - a +0 pair of boots (worn)
Magical Staves
 c - a staff of cold
 h - a staff of death
Jewellery
 y - a ring of resist corrosion (left hand)
 C - a ring of flight
Talismans
 i - a beast talisman
Wands
 r - a wand of flame (16)
 A - a wand of roots (3)
Scrolls
 e - 2 scrolls of revelation
 f - a scroll of noise
 g - 2 scrolls of fog
 j - 2 scrolls of brand weapon
 s - a scroll of enchant armour {unknown}
 B - a scroll of amnesia {unknown}
 D - a scroll of fear {unknown}
Potions
 o - a potion of brilliance
 p - 3 potions of enlightenment
 v - a potion of attraction
 w - 2 potions of lignification


   Skills:
 + Level 4.6 Fighting
 + Level 5.0 Dodging
 - Level 1.7 Stealth
 * Level 4.4 Spellcasting
 * Level 5.5 Summonings


You had 5 spell levels left.
You knew the following spells:

 Your Spells              Type           Power      Damage    Failure   Level
a - Summon Small Mammal   Summ           72%        N/A       1%          1
b - Call Imp              Summ           36%        N/A       3%          2
c - Call Canine Familiar  Summ           18%        N/A       6%          3
d - Summon Blazeheart Go  Fire/Summ      10%        N/A       52%         4

Your spell library contained the following spells:

 Spells                   Type           Power      Damage    Failure   Level
 Ensorcelled Hibernation  Hex/Ice        6%         N/A       28%         2
 Passwall                 Erth           3%         N/A       50%         3
 Sigil of Binding         Hex            3%         N/A       50%         3
 Swiftness                Air            3%         N/A       50%         3
 Summon Lightning Spire   Summ/Air       10%        N/A       52%         4
 Dimensional Bullseye     Hex/Tloc       1%         N/A       88%         4
 Haunt                    Necr/Summ      5%         N/A       100%        7
 Borgnjor's Revivificati  Necr           1%         N/A       100%        8
 Death's Door             Necr           1%         N/A       100%        9


Dungeon Overview and Level Annotations

Branches:
Dungeon (7/15)             Temple (0/1) D:6

Altars:
Gozag
Qazlal
Ru
Zin

Annotations:
D:5 3 runed translucent doors, ragingrage's ghost, amateur MDAl


Innate Abilities, Weirdness & Mutations

You have a pair of horns on your head.
You reflexively headbutt those who attack you in melee.


Message History

Your bat's corpse disappears in a puff of smoke!
Okay, then.
You feel much better.
Your quokka completely misses the phantom.
The wight hits you from afar with a +4 trident.
The phantom hits you but does no damage.
As you read the scroll labelled YBRURUF TOMYPH, it dissolves into smoke.
It was a scroll of fog.
Your quokka bites the phantom but does no damage.
The scorpion completely misses you. The wight closely misses your quokka.
The wight hits you from afar with a +4 trident!
You feel drained. The phantom closely misses you.
The wight hits your quokka with a +2 war axe!
Your quokka dies!
Your quokka's corpse disappears in a puff of smoke!
The phantom closely misses you. The phantom attacks as it pursues you!
The phantom hits you.
* * * LOW HITPOINT WARNING * * *
The phantom blinks!
You blink.
As you read the scroll labelled VEUVAY MOOMAUN, it crumbles to dust.
It is a scroll of brand weapon.
Your +0 morningstar craves living souls!
z - a +0 morningstar of draining The phantom barely misses you.
The scorpion misses you. The phantom attacks as it pursues you!
The phantom closely misses you. The scorpion attacks as it pursues you!
The scorpion stings you.
* * * LOW HITPOINT WARNING * * *
The wight attacks as it pursues you!
The wight hits you from afar with a +4 trident.
* * * LOW HITPOINT WARNING * * *
There is an open door, spattered with blood here.
Okay, then.
Okay, then.
As you read the scroll labelled VALYMO IMUGUDD, it crumbles to dust.
You feel strangely unstable.
It was a scroll of teleportation.
Your familiar recovers from its injuries.
The wight misses you. The scorpion misses you. You furiously retaliate!
You headbutt the scorpion! The phantom closely misses you.
The wight hits you from afar with a +4 trident!
You die...

.#.##.#.##.#.#.#.#........
............#.#.#.#.###.#..
#.#......)###.#h#...###.#..
.........'.#.#...h........
##.......###.....#......#.
#.......# #.>......##..#.
###....5.z# #.#####..##.†..
......§.§z###.# #...##.#.
###5z§§YW@...# #.#.##.#.
#§z§§§s##### #......#.
#.§§§zz# ###.##.#. #.§§§§§#
#.##.#. #.§§§..# #....#.
#......# ####### #......#
#......# ########


You could see a sky beast, a phantom, a scorpion, 4 wights and a white imp.

Vanquished Creatures
  Maggie (D:6)
  Grinder (D:6)
  Sigmund (D:5)
  A centaur (D:5)
  2 phantoms
  A wight (D:6)
  2 hounds (D:6)
  A jelly (D:5)
  A gnoll bouda (D:4)
  An iguana (D:6)
  2 adders
  7 gnolls
  2 ufetubi (D:6)
  A dart slug (D:4)
  A ribbon worm (D:2)
  9 orcs
  3 bats (D:1)
  7 endoplasms
  4 giant cockroaches
  5 goblins
  6 hobgoblins
  5 jackals
  3 kobolds
  2 quokkas
  2 ball pythons
  2 frilled lizards
  4 rats (D:1)
77 creatures vanquished.

Vanquished Creatures (collateral kills)
  A black bear (D:5)
  3 jellies
  2 adders
  A shadow imp (D:4)
  2 orcs (D:4)
  A bat (D:2)
  3 endoplasms
  A giant cockroach (D:2)
  A jackal (D:5)
  2 ball pythons
  2 frilled lizards
  A goblin (D:1)
  A kobold (D:1)
  4 rats
25 creatures vanquished.

Vanquished Creatures (others)
  A blazeheart core (D:6)
1 creature vanquished.

Grand Total: 103 creatures vanquished

Notes
Turn   | Place    | Note
-------+----------+-------------------------------------------
     0 | D:1      | croobank the Minotaur Summoner began the quest for the Orb.
     0 | D:1      | Reached XP level 1. HP: 14/14 MP: 1/1
   415 | D:1      | Reached XP level 2. HP: 20/20 MP: 0/3
   421 | D:1      | Learned a level 2 spell: Call Imp
   458 | D:1      | Found a faded altar of an unknown god.
   517 | D:1      | Prayed at the altar of an unknown god.
   517 | D:1      | Became a worshipper of Qazlal Stormbringer
   517 | D:1      | Reached * piety under Qazlal
   686 | D:1      | Reached XP level 3. HP: 26/26 MP: 4/4
  1222 | D:2      | Found a sacrificial altar of Ru.
  1254 | D:2      | Learned a level 3 spell: Call Canine Familiar
  1264 | D:2      | Identified the +1 robe of Effog {rC+}
  1866 | D:2      | Reached skill level 1 in Fighting
  1962 | D:3      | Reached XP level 4. HP: 35/35 MP: 0/6
  2058 | D:3      | Reached ** piety under Qazlal
  2351 | D:3      | Found a glowing silver altar of Zin.
  2919 | D:4      | Identified the +0 rapier "Impbane" {spect, Will+ MP+9
                  | Dex+2}
  2944 | D:4      | Reached XP level 5. HP: 22/41 MP: 4/7
  3590 | D:5      | Entered Level 5 of the Dungeon
  3600 | D:5      | Noticed Sigmund
  3616 | D:5      | Killed Sigmund
  3617 | D:5      | Reached XP level 6. HP: 22/50 MP: 9/9
  4293 | D:5      | Found a runed translucent gate.
  4293 | D:5      | Found a runed translucent gate.
  4293 | D:5      | Found a runed translucent gate.
  4298 | D:5      | Reached XP level 7. HP: 27/57 MP: 10/10
  4517 | D:5      | Found an opulent altar of Gozag.
  4519 | D:5      | Noticed ragingrage's ghost (amateur MDAl)
  4548 | D:5      | Learned a level 4 spell: Summon Blazeheart Golem
  4655 | D:5      | You fall into a shaft and drop 2 floors!
  4748 | D:6      | Noticed Maggie
  4762 | D:6      | Noticed Grinder
  4783 | D:6      | Killed Grinder
  4784 | D:6      | Reached skill level 5 in Summonings
  4824 | D:6      | Reached XP level 8. HP: 41/66 MP: 12/12
  5169 | D:6      | Found a staircase to the Ecumenical Temple.
  5319 | D:6      | Killed Maggie
  5443 | D:6      | Reached skill level 5 in Dodging
  5496 | D:6      | Slain by a wight

Illustrated notes

Levels and vault maps discovered:
D:1:      giann_wishing_wells, layout_basic,
          hellmonk_ecumenical_altar_dog_temple
D:2:      layout_loops_ring, basic_altar, minmay_unequal
D:3:      layout_basic, mainiacjoe_overflow_chevrons
D:4:      layout_loops_ring
D:5:      layout_rooms, ebering_ghost_gozag, uniq_sigmund
D:6:      layout_basic, minmay_temple_entry_antechambers, uniq_maggie,
          uniq_grinder
D:7:      layout_basic, minmay_fractal_squares_5

Skill      XL: |  1  2  3  4  5  6  7  8 |
---------------+-------------------------+-----
Summonings     | 3 4 5 |  5.5
Spellcasting   | 2 3 4 |  4.4
Fighting       | 1 2 3 4 |  4.6
Dodging        | 3 4 5 |  5.0
Stealth        | |  1.7

Action                     |  1- 3 |  4- 6 |  7- 9 || total
---------------------------+-------+-------+-------++-------
  Melee: Unarmed           |     9 |       |       ||     9
         Dagger            |    72 |    22 |       ||    94
         Headbutt          |    10 |     8 |    10 ||    28
         Rapier            |       |    57 |    40 ||    97
   Cast: Summon Small Mamm |    19 |    14 |    16 ||    49
         Call Imp          |     6 |     9 |     9 ||    24
         Call Canine Famil |     3 |     5 |     6 ||    14
         Summon Blazeheart |       |       |     1 ||     1
  Evoke: Wand              |       |       |     2 ||     2
    Use: Potion            |     1 |       |     1 ||     2
         Scroll            |       |       |    12 ||    12
   Stab: Sleeping          |     1 |       |       ||     1
         Distracted        |       |     1 |     2 ||     3
 Armour: Robe              |    56 |    47 |    45 ||   148
  Dodge: Dodged            |    62 |    57 |    48 ||   167
  Block: Other             |     5 |     5 |     5 ||    15

Table legend: (Time is in decaauts)
 A = Elapsed time spent in this place.
 B = Non-inter-level travel time spent in this place.
 C = Inter-level travel time spent in this place.
 D = Time resting spent in this place.
 E = Time spent auto-exploring this place.
 F = Levels seen in this place.
 G = Mean time per level.
                   A        B        C        D        E       F      G
               +--------+--------+--------+--------+--------+-----+--------+
         Total |   5515 |   5318 |    197 |    930 |   3174 |   7 |  787.9 |
       Dungeon |   5515 |   5318 |    197 |    930 |   3174 |   7 |  787.9 |
               +--------+--------+--------+--------+--------+-----+--------+

Top non-repeatable levels by time:
     D:4: 1121 daAuts
     D:5: 1062 daAuts
     D:1: 1028 daAuts
     D:2: 912 daAuts
     D:3: 785 daAuts
     D:6: 557 daAuts
     D:7: 47 daAuts
